[Event "December 19 Late 2023"]
[Site "https://www.chess.com"]
[Date "2023.12.19"]
[Round "6"]
[White "Principe, Gerson"]
[Black "Gurevich, Dmitry"]
[Result "1-0"]
[Board "65"]
[TimeControl "180+1"]
[WhiteFideId "3804550"]
[BlackFideId "2000407"]
[WhiteElo "2186"]
[BlackElo "2506"]
[WhiteTeam "PER"]
[BlackTeam "USA"]
[WhiteClock "0:00:05"]
[BlackClock "0:00:00"]

1. d4 Nf6 2. Nf3 e6 3. c4 a6 4. g3 c5 5. Bg2 cxd4 6. Nxd4 Qc7 7. b3 Be7 8. O-O O-O 9. Bb2 d6 10. Nc3 Nbd7 11. Rc1 Rb8 12. Qd2 Ne5 13. Rfd1 Bd7 14. h3 b6 15. e4 Rfc8 16. Kh2 Qa7 17. Rc2 Ng6 18. Rdc1 h5 19. Kg1 h4 20. g4 e5 21. Nf5 Bxf5 22. exf5 Nf4 23. Bf1 b5 24. cxb5 axb5 25. Nxb5 Rxc2 26. Rxc2 Qb6 27. Qe3 Qa5 28. a4 Qa8 29. Kh2 Nd7 30. f3 Nc5 31. Bc1 Bg5 32. Qc3 Rd8 33. Rf2 Nd5 34. Qe1 Bxc1 35. Qxc1 Nf4 36. Qe3 Qd5 37. a5 Rb8 38. Nc3 Qxb3 39. a6 Ra8 40. Qd2 Qb4 41. Ne4 Qxd2 42. Rxd2 Nxa6 43. Nxd6 Nc5 44. Nc4 Nb3 45. Rf2 Nd4 46. Nxe5 Re8 47. Nd3 Re3 48. Nxf4 Nxf3+ 49. Kh1 Ne1 50. Bg2 Nd3 51. Nxd3 Rxd3 52. Rf3 Rd2 53. Kh2 Kh7 54. g5 f6 55. Rf4 fxg5 56. Rg4 Kh6 57. Re4 g6 58. Re6 g4 59. Rxg6+ Kh7 60. Rxg4 1-0

[Event "December 19 Late 2023"]
[Site "https://www.chess.com"]
[Date "2023.12.19"]
[Round "6"]
[White "Akhayan, Ruben"]
[Black "Perske, Thore"]
[Result "0-1"]
[Board "66"]
[TimeControl "180+1"]
[WhiteFideId "204439"]
[BlackFideId "12902195"]
[WhiteElo "2141"]
[BlackElo "2336"]
[WhiteTeam "BEL"]
[BlackTeam "GER"]
[WhiteClock "0:00:03"]
[BlackClock "0:00:12"]

1. e4 e6 2. d4 d5 3. Nc3 Nf6 4. e5 Nfd7 5. Nf3 c5 6. dxc5 Nc6 7. Bf4 Nxc5 8. Bd3 Be7 9. O-O g5 10. Be3 g4 11. Nd4 Nxe5 12. b4 Ncxd3 13. cxd3 Bd7 14. a3 Rc8 15. Rc1 Bf6 16. Ncb5 Bxb5 17. Nxb5 Rxc1 18. Qxc1 a6 19. Nd4 h5 20. Qc2 O-O 21. Rc1 Qd7 22. Ne2 Ng6 23. d4 h4 24. g3 h3 25. Nf4 Nxf4 26. Bxf4 Bxd4 27. Qd1 e5 28. Bh6 Rc8 29. Rc2 Qf5 30. Rd2 Rc3 31. Rxd4 exd4 32. Qe1 Qe4 33. Qd2 Qg2# 0-1

[Event "December 19 Late 2023"]
[Site "https://www.chess.com"]
[Date "2023.12.19"]
[Round "6"]
[White "Grapsa, Georgia"]
[Black "Golubev, Mikhail"]
[Result "0-1"]
[Board "67"]
[TimeControl "180+1"]
[WhiteFideId "4206436"]
[BlackFideId "14100983"]
[WhiteElo "1794"]
[BlackElo "2352"]
[WhiteTeam "GRE"]
[BlackTeam "UKR"]
[WhiteClock "0:00:02"]
[BlackClock "0:00:06"]

1. e4 c5 2. b3 b6 3. Bb2 Bb7 4. d3 Nc6 5. Nd2 e6 6. g3 d5 7. Bg2 Nf6 8. Ne2 Be7 9. O-O O-O 10. h3 Qc7 11. f4 dxe4 12. Nxe4 Nd5 13. Qd2 Rad8 14. N2c3 Nd4 15. Rae1 Nb4 16. Rc1 f5 17. Nf2 Bxg2 18. Kxg2 Qc6+ 19. Nce4 fxe4 20. Nxe4 Nxb3 21. axb3 Qxe4+ 22. Kh2 Qg6 23. Qe3 Bd6 24. Rf2 e5 25. Bxe5 Nd5 26. Qe2 Bxe5 27. fxe5 Rxf2+ 28. Qxf2 Rf8 29. Qg2 Qe6 30. Re1 h6 31. Qe4 Rf2+ 32. Kg1 Rxc2 33. d4 Rc3 34. Kg2 cxd4 35. Qxd4 Qc6 36. Kh2 Rc2+ 37. Kg1 Nf4 38. Qe4 Qc5+ 39. Kh1 Qf2 0-1

[Event "December 19 Late 2023"]
[Site "https://www.chess.com"]
[Date "2023.12.19"]
[Round "6"]
[White "Pace, Christopher"]
[Black "Omelja, Artem"]
[Result "0-1"]
[Board "68"]
[TimeControl "180+1"]
[WhiteFideId "2610167"]
[BlackFideId "14119846"]
[WhiteElo "2372"]
[BlackElo "2404"]
[WhiteTeam "CAN"]
[BlackTeam "UKR"]
[WhiteClock "0:00:12"]
[BlackClock "0:00:17"]

1. e4 c6 2. d4 d5 3. e5 Bf5 4. Nf3 e6 5. Be2 c5 6. O-O Nc6 7. c3 cxd4 8. cxd4 Nge7 9. Be3 Ng6 10. Nc3 Be7 11. Rc1 f6 12. exf6 Bxf6 13. a3 O-O 14. b4 a6 15. h3 Nh4 16. Nh2 Bg6 17. Ng4 Nf5 18. Qd2 Nfxd4 19. Nxf6+ Qxf6 20. Bd1 Nf5 21. Bg5 Qf7 22. Na4 Rae8 23. Nc5 e5 24. Bb3 Ncd4 25. Ba2 b6 26. Nxa6 Nd6 27. f3 Nc4 28. Bxc4 dxc4 29. Rce1 Bd3 30. Rf2 Qg6 31. Kh1 e4 32. Be3 Nb3 33. Qc3 exf3 34. gxf3 Qh5 35. Kh2 Rxf3 36. Rxf3 Qxf3 37. Rg1 g6 38. Bh6 Re2+ 0-1

[Event "December 19 Late 2023"]
[Site "https://www.chess.com"]
[Date "2023.12.19"]
[Round "6"]
[White "Rojas Alarcon, Julian Antonio"]
[Black "Obon Temprano, Sergi"]
[Result "1-0"]
[Board "69"]
[TimeControl "180+1"]
[WhiteFideId "5107407"]
[BlackFideId "2226545"]
[WhiteElo "2340"]
[BlackElo "2135"]
[WhiteTeam "MEX"]
[BlackTeam "ESP"]
[WhiteClock "0:00:57"]
[BlackClock "0:00:28"]

1. d4 d5 2. c4 c6 3. Nf3 Nf6 4. Nc3 e6 5. Bg5 dxc4 6. e4 b5 7. e5 h6 8. Bh4 g5 9. Nxg5 hxg5 10. Bxg5 Nbd7 11. exf6 Bb7 12. g3 c5 13. d5 Qc7 14. Bg2 b4 15. Ne2 exd5 16. O-O d4 17. Re1 O-O-O 18. Nf4 Bxg2 19. Kxg2 Bd6 20. Nd5 Qb7 21. Qf3 Ne5 22. Ne7+ Kb8 23. Rxe5 Qxf3+ 24. Kxf3 Bxe5 25. Nc6+ Kc7 26. Nxe5 c3 27. bxc3 dxc3 28. Nxf7 Rh5 29. Nxd8 c4 30. f7 Rh8 31. Rc1 Kd7 32. Ke4 a5 33. Kd4 Rf8 34. Kxc4 Kd6 35. h4 Ke5 36. Kb5 Kd4 37. Kxa5 Kc4 38. h5 b3 39. axb3+ Kxb3 40. h6 Kb2 41. Kb6 c2 42. Rxc2+ Kxc2 43. Kc6 Kd3 44. Kd7 Ke4 45. Ke7 1-0

[Event "December 19 Late 2023"]
[Site "https://www.chess.com"]
[Date "2023.12.19"]
[Round "6"]
[White "Ezat, Mohamed"]
[Black "Gallegos Diaz, Carlos Alberto"]
[Result "1-0"]
[Board "70"]
[TimeControl "180+1"]
[WhiteFideId "10600906"]
[BlackFideId "3900886"]
[WhiteElo "2367"]
[BlackElo "2362"]
[WhiteTeam "EGY"]
[BlackTeam "VEN"]
[WhiteClock "0:01:38"]
[BlackClock "0:00:14"]

1. d4 d6 2. c4 e5 3. Nf3 Nd7 4. Nc3 Ngf6 5. Bg5 Be7 6. e3 O-O 7. Qc2 c6 8. Bd3 Re8 9. O-O-O Qa5 10. Kb1 a6 11. g4 Nf8 12. h3 exd4 13. exd4 b5 14. Rhe1 Be6 15. d5 cxd5 16. cxd5 Bd7 17. Nd4 b4 18. Ne4 Nxe4 19. Bxe7 Rxe7 20. Rxe4 Rxe4 21. Bxe4 Rc8 22. Nc6 Bxc6 23. dxc6 Qe5 24. f3 g6 25. Qd3 Ne6 26. Qxd6 Qb5 27. Qd3 Qxd3+ 28. Rxd3 Nc5 29. Rd6 Nxe4 30. fxe4 Kf8 31. Kc2 Ke7 32. e5 a5 33. Kb3 Ra8 34. Ka4 Ra7 35. b3 1-0

[Event "December 19 Late 2023"]
[Site "https://www.chess.com"]
[Date "2023.12.19"]
[Round "6"]
[White "Paragua, Megan Althea"]
[Black "Sivakumar, Shaaketh"]
[Result "0-1"]
[Board "71"]
[TimeControl "180+1"]
[WhiteFideId "30973007"]
[BlackFideId "30940176"]
[WhiteElo "1961"]
[BlackElo "2292"]
[WhiteTeam "USA"]
[BlackTeam "USA"]
[WhiteClock "0:00:00"]
[BlackClock "0:01:18"]

1. e4 e6 2. d4 d5 3. Nd2 c5 4. exd5 exd5 5. dxc5 Bxc5 6. Bb5+ Nc6 7. Ngf3 Bxf2+ 8. Kf1 Bb6 9. Ne5 Ne7 10. Ndf3 O-O 11. Nxc6 bxc6 12. Bd3 Ng6 13. Bg5 Qd6 14. h4 Bg4 15. h5 Ne5 16. Bf4 Qc5 17. Qe2 Rae8 18. b4 Nxd3 19. bxc5 Rxe2 20. cxd3 Rfe8 21. cxb6 axb6 22. Rh4 Bf5 23. d4 Bd3 24. Kg1 R8e4 25. Ne5 c5 26. Nxd3 Rxd4 27. Nf2 c4 28. Rc1 b5 29. Rg4 f5 30. Rh4 Rxa2 31. Kf1 b4 32. g3 b3 33. Re1 b2 34. Be5 Ra1 35. Kg2 Rxe1 36. Bxd4 b1=Q 0-1

[Event "December 19 Late 2023"]
[Site "https://www.chess.com"]
[Date "2023.12.19"]
[Round "6"]
[White "Polster, Christian"]
[Black "Hajiyev, Kanan"]
[Result "0-1"]
[Board "72"]
[TimeControl "180+1"]
[WhiteFideId "12965081"]
[BlackFideId "13404148"]
[WhiteElo "2141"]
[BlackElo "2102"]
[WhiteTeam "GER"]
[BlackTeam "AZE"]
[WhiteClock "0:00:00"]
[BlackClock "0:01:14"]

1. d4 d5 2. c4 c6 3. cxd5 cxd5 4. Nc3 Nf6 5. f3 a6 6. e4 dxe4 7. fxe4 e5 8. d5 Bc5 9. Bd3 Ng4 10. Nh3 Qh4+ 11. Kf1 Nf2 12. Bg5 Qxh3 13. gxh3 Bxh3+ 14. Ke1 Nxd1 15. Kxd1 Bg2 16. Re1 Bf2 17. Kc2 Bxe1 18. Rxe1 f6 19. Be3 O-O 20. Rg1 Bh3 21. Bh6 Rf7 22. Bc4 b5 23. Bb3 Kh8 24. Be3 Nd7 25. Rg3 Bf1 26. Rf3 Bc4 27. Bxc4 bxc4 28. Na4 Rc8 29. Kc3 g6 30. Nb6 Nxb6 31. Bxb6 Kg7 32. d6 Rd7 33. Bc7 Rcxc7 34. dxc7 Rxc7 35. Rf2 Kf7 36. Rd2 f5 37. Rd6 f4 38. Rxa6 f3 39. Kd2 Rd7+ 40. Ke3 Rd3+ 41. Kf2 c3 42. bxc3 Rxc3 43. Ra7+ Kf6 44. Rxh7 Kg5 0-1

[Event "December 19 Late 2023"]
[Site "https://www.chess.com"]
[Date "2023.12.19"]
[Round "6"]
[White "Ambartsumova, Karina"]
[Black "petr577"]
[Result "0-1"]
[Board "73"]
[TimeControl "180+1"]
[WhiteFideId "4166299"]
[WhiteElo "2240"]
[BlackElo "2321"]
[WhiteTeam "RUS"]
[WhiteClock "0:00:00"]
[BlackClock "0:00:02"]

1. d4 Nf6 2. c4 e5 3. dxe5 Ng4 4. Bf4 g5 5. Bg3 Nc6 6. Nf3 Bg7 7. Nc3 Ngxe5 8. e3 d6 9. Be2 O-O 10. O-O Be6 11. Nd2 f5 12. f4 Ng4 13. Bxg4 fxg4 14. Nce4 gxf4 15. exf4 Bxb2 16. Rb1 Bd4+ 17. Kh1 b6 18. Rb5 Ne7 19. Rg5+ Kh8 20. Nb3 Bg7 21. Nd4 Bxc4 22. Qxg4 Bxd4 23. Rc1 d5 24. Bh4 dxe4 25. Rxc4 Bf6 26. Rxe4 Qd3 27. Re1 Bxg5 28. Bxg5 Nf5 29. Qh5 Qc3 30. Rd1 Rae8 31. Bh4 Nxh4 32. Qxh4 Qc2 33. Rf1 Qe2 34. Rg1 Qe4 35. Rf1 Rxf4 36. Qxf4 Qxf4 0-1

[Event "December 19 Late 2023"]
[Site "https://www.chess.com"]
[Date "2023.12.19"]
[Round "6"]
[White "Hernandez Santos, David Ale"]
[Black "Domingo Nunez, Alejandro"]
[Result "1-0"]
[Board "74"]
[TimeControl "180+1"]
[WhiteFideId "5132002"]
[BlackFideId "22245561"]
[WhiteElo "1553"]
[BlackElo "2252"]
[WhiteTeam "MEX"]
[BlackTeam "ESP"]
[WhiteClock "0:00:37"]
[BlackClock "0:00:03"]

1. d4 Nf6 2. Nc3 d5 3. Bf4 a6 4. e3 g6 5. h4 Bg7 6. h5 Nxh5 7. Rxh5 gxh5 8. Qxh5 e6 9. Nf3 c5 10. O-O-O Nc6 11. dxc5 Bd7 12. Ne5 Nxe5 13. Bxe5 Bxe5 14. Qxe5 O-O 15. e4 Bc6 16. Rd3 f6 17. Qxe6+ Kh8 18. exd5 Bd7 19. Qd6 Qe8 20. Re3 Qc8 21. Re7 Bg4 22. Qh2 Bf5 23. Qh6 1-0

[Event "December 19 Late 2023"]
[Site "https://www.chess.com"]
[Date "2023.12.19"]
[Round "6"]
[White "Rees, Ioan"]
[Black "Adewumi, Tanitoluwa"]
[Result "1-0"]
[Board "75"]
[TimeControl "180+1"]
[WhiteFideId "1801236"]
[BlackFideId "30966396"]
[WhiteElo "2270"]
[BlackElo "2325"]
[WhiteTeam "WLS"]
[BlackTeam "USA"]
[WhiteClock "0:01:16"]
[BlackClock "0:00:17"]

1. e4 c5 2. c3 Nf6 3. e5 Nd5 4. Nf3 Nc6 5. Bc4 e6 6. O-O d6 7. d4 cxd4 8. cxd4 Be7 9. Re1 O-O 10. Nc3 Nxc3 11. bxc3 dxe5 12. Nxe5 Nxe5 13. Rxe5 Bd6 14. Re3 Bxh2+ 15. Kxh2 Qc7+ 16. Rg3 Qxc4 17. Bh6 g6 18. Bxf8 Kxf8 19. Qf3 Kg7 20. Qf4 Bd7 21. Qe5+ Kg8 22. Rh1 Qxa2 23. Rf3 Bc6 24. Rf4 Qd2 25. Qf6 Rf8 26. Kg3 e5 27. dxe5 Qd5 28. f3 Re8 29. Rxh7 Qxe5 30. Rh8# 1-0

[Event "December 19 Late 2023"]
[Site "https://www.chess.com"]
[Date "2023.12.19"]
[Round "6"]
[White "Postny, Evgeny"]
[Black "Serban, Cristian-Stefan"]
[Result "1-0"]
[Board "76"]
[TimeControl "180+1"]
[WhiteFideId "2804344"]
[BlackFideId "1241443"]
[WhiteElo "2505"]
[BlackElo "2040"]
[WhiteTeam "ISR"]
[BlackTeam "ROU"]
[WhiteClock "0:00:34"]
[BlackClock "0:00:00"]

1. e4 e5 2. Nf3 Nc6 3. Bb5 Nf6 4. O-O Nxe4 5. d4 Nd6 6. Bxc6 dxc6 7. dxe5 Nf5 8. Qxd8+ Kxd8 9. Nc3 Ke8 10. h3 h5 11. Bg5 Be6 12. Rad1 Be7 13. b3 Rd8 14. Ne2 Bd5 15. Bxe7 Kxe7 16. Nfd4 Be6 17. Rfe1 g5 18. c4 c5 19. Nxe6 fxe6 20. Nc3 b6 21. Ne4 g4 22. hxg4 hxg4 23. g3 Nd4 24. Kf1 Nf3 25. Rxd8 Rxd8 26. Rc1 Rd4 27. Nc3 Nxe5 28. Rc2 Nf3 29. Ke2 c6 30. Ke3 Ne1 31. Rc1 Nf3 32. Ne4 Rd8 33. Rh1 Rf8 34. Rh7+ Rf7 35. Rh8 Ne5 36. Ra8 Rf3+ 37. Ke2 Kf7 38. Ng5+ Kg6 39. Nxf3 gxf3+ 40. Ke3 1-0

[Event "December 19 Late 2023"]
[Site "https://www.chess.com"]
[Date "2023.12.19"]
[Round "6"]
[White "Sadovsky, Artem"]
[Black "Bardyk, Artem"]
[Result "1-0"]
[Board "77"]
[TimeControl "180+1"]
[WhiteFideId "4155840"]
[BlackFideId "34349979"]
[WhiteElo "2314"]
[BlackElo "2300"]
[WhiteTeam "FID"]
[BlackTeam "RUS"]
[WhiteClock "0:00:51"]
[BlackClock "0:00:04"]

1. Nf3 d5 2. e3 Nf6 3. c4 c6 4. b3 Bf5 5. Bb2 e6 6. Be2 Nbd7 7. O-O h6 8. d3 Be7 9. Nbd2 O-O 10. Qc2 a5 11. a3 Bh7 12. Rfc1 Re8 13. Ne5 Nxe5 14. Bxe5 Nd7 15. Bb2 Bf6 16. Nf3 Bxb2 17. Qxb2 Qf6 18. Qa2 Nc5 19. d4 Ne4 20. c5 Qe7 21. Bd3 Bf5 22. Bxe4 Bxe4 23. Nd2 Bg6 24. Qb2 h5 25. b4 axb4 26. axb4 h4 27. b5 h3 28. bxc6 bxc6 29. g3 Rab8 30. Qc3 Rec8 31. Ra6 Rb5 32. Rb6 Rb8 33. Rxc6 Qf6 34. Ra6 Rb2 35. Ra8 Rxd2 36. Rxb8+ Kh7 37. Qxd2 Qf3 38. Kf1 Be4 39. Qc3 Qg2+ 40. Ke2 Bf3+ 41. Kd3 Qxf2 42. Qd2 Be4+ 43. Kc3 Qf6 44. c6 Qe7 45. Kb2 Qa7 46. c7 Bb1 47. Kxb1 Qa2+ 1-0

[Event "December 19 Late 2023"]
[Site "https://www.chess.com"]
[Date "2023.12.19"]
[Round "6"]
[White "Chylewski, Patryk"]
[Black "WoolworthsManly"]
[Result "1-0"]
[Board "78"]
[TimeControl "180+1"]
[WhiteFideId "1186191"]
[WhiteElo "2176"]
[BlackElo "2674"]
[WhiteTeam "POL"]
[WhiteClock "0:00:06"]
[BlackClock "0:00:13"]

1. d4 Nf6 2. Nf3 d6 3. e3 Bg4 4. Be2 Nbd7 5. O-O e5 6. c4 c6 7. d5 e4 8. Nd4 Bxe2 9. Nxe2 h5 10. Nbc3 h4 11. h3 c5 12. a3 g5 13. b4 Rg8 14. Bb2 Qe7 15. Nb5 Kd8 16. Qa4 Nb6 17. Qa5 Nd7 18. Rac1 a6 19. Nbc3 Ke8 20. Na4 Nxa4 21. Qxa4 Bg7 22. Bxg7 Rxg7 23. bxc5 dxc5 24. Rb1 Rb8 25. Qa5 Qd8 26. Qc3 Kf8 27. a4 b6 28. d6 Kg8 29. Rfd1 Rg6 30. Rd5 Qf6 31. Qc2 Re8 32. Nc3 Qe6 33. Rbd1 g4 34. Kh2 g3+ 35. fxg3 Rxg3 36. Qf2 Qg6 37. Ne2 Qf6 38. Qxf6 Nxf6 39. Rf5 Nd7 40. Nxg3 hxg3+ 41. Kxg3 f6 42. Rf4 Kf7 43. Kf2 Kg6 44. g4 Ne5 45. d7 Rd8 46. Rd6 Nd3+ 47. Kg3 Nxf4 48. Kxf4 Kf7 49. Kf5 Ke7 50. Rxf6 Kxd7 51. Rxb6 a5 52. Rb5 Kc6 53. Rxa5 Rd3 54. Kxe4 Rc3 55. g5 Rxc4+ 56. Kf5 Rc3 57. g6 Rxe3 58. g7 Rg3 59. Kf6 Rf3+ 60. Ke7 Re3+ 61. Kd8 Rg3 62. Ra7 c4 63. Rc7+ Kd5 64. h4 c3 65. h5 c2 66. h6 Ke6 67. Rxc2 Kf7 68. Rf2+ Ke6 69. Rf8 Rd3+ 70. Kc7 Rc3+ 71. Kb6 Rb3+ 72. Kc5 Rc3+ 73. Kb4 Rc7 74. g8=Q+ Kd6 75. Rf6+ 1-0

[Event "December 19 Late 2023"]
[Site "https://www.chess.com"]
[Date "2023.12.19"]
[Round "6"]
[White "Bru Rullo, Llatzer"]
[Black "Kucza, Karol"]
[Result "0-1"]
[Board "79"]
[TimeControl "180+1"]
[WhiteFideId "22219668"]
[BlackFideId "1159755"]
[WhiteElo "2190"]
[BlackElo "2307"]
[WhiteTeam "ESP"]
[BlackTeam "POL"]
[WhiteClock "0:00:02"]
[BlackClock "0:00:04"]

1. d4 d5 2. c4 e6 3. Nc3 c6 4. e3 Nf6 5. Nf3 Nbd7 6. Be2 Bd6 7. b3 O-O 8. Bb2 b6 9. O-O Bb7 10. Qc2 c5 11. Rfd1 cxd4 12. exd4 Rc8 13. Rac1 Bc5 14. dxc5 Nxc5 15. cxd5 Nxd5 16. Nxd5 Bxd5 17. Bc4 Nd7 18. Qc3 Nf6 19. Qe1 h6 20. Bxf6 Qxf6 21. Bxd5 Rxc1 22. Rxc1 exd5 23. Qe5 Qxe5 24. Nxe5 Re8 25. Nc6 Re2 26. a4 a5 27. Kf1 Rb2 28. Nd4 Rd2 29. Nb5 Rb2 30. Rc3 Kf8 31. Rd3 Ke7 32. Nc7 Kd6 33. Nxd5 Kc5 34. g3 b5 35. axb5 Kxb5 36. Kg2 Kc5 37. Kf3 h5 38. h4 g6 39. Ne3 f6 40. Nd1 Rb1 41. Nc3 Rxb3 42. Ne4+ Kb4 43. Rxb3+ Kxb3 44. Ke3 f5 45. Nd2+ Kc3 46. Nf3 a4 47. Nd4 Kc4 48. Nc2 Kc3 49. Na3 Kb3 50. Nb1 Kc2 51. Na3+ Kb3 52. Nb5 Kc4 53. Nd4 a3 54. Nc2 a2 55. Kd2 Kb3 56. Na1+ Kb2 57. Nc2 Kb1 58. Kc3 Kc1 59. Kb3 Kd2 60. Kb2 Ke2 61. Kxa2 Kxf2 62. Nb4 Kxg3 63. Nd5 f4 64. Ne7 f3 0-1

[Event "December 19 Late 2023"]
[Site "https://www.chess.com"]
[Date "2023.12.19"]
[Round "6"]
[White "Argandona Riveiro, Inigo"]
[Black "Lizak, Peter"]
[Result "0-1"]
[Board "80"]
[TimeControl "180+1"]
[WhiteFideId "2212072"]
[BlackFideId "731595"]
[WhiteElo "2391"]
[BlackElo "2420"]
[WhiteTeam "ESP"]
[BlackTeam "HUN"]
[WhiteClock "0:00:07"]
[BlackClock "0:00:20"]

1. Nf3 d5 2. c4 d4 3. e3 c5 4. b4 Nf6 5. bxc5 Nc6 6. Bb2 e5 7. exd4 exd4 8. d3 Bxc5 9. Be2 O-O 10. O-O Bf5 11. Nbd2 h6 12. Nb3 b6 13. Nxc5 bxc5 14. Ba3 Qd6 15. Re1 Rfe8 16. Bf1 Bg4 17. Rxe8+ Rxe8 18. h3 Bh5 19. g4 Nxg4 20. hxg4 Bxg4 21. Bg2 Ne5 22. Qa4 Bd7 23. Qd1 Bc6 24. Kf1 Re6 25. Nh4 Rf6 26. Qe2 Bxg2+ 27. Nxg2 Nf3 28. Re1 Nxe1 29. Qe8+ Kh7 30. Qxe1 Qh2 31. Qe4+ g6 32. Ne1 Qh3+ 33. Ke2 Re6 34. Nf3 Rxe4+ 35. dxe4 Qg4 0-1

[Event "December 19 Late 2023"]
[Site "https://www.chess.com"]
[Date "2023.12.19"]
[Round "6"]
[White "Kokoszczynski, Jan"]
[Black "Kovacsy, Barnabas"]
[Result "1/2-1/2"]
[Board "81"]
[TimeControl "180+1"]
[WhiteFideId "1174460"]
[BlackFideId "769290"]
[WhiteElo "2266"]
[BlackElo "2130"]
[WhiteTeam "POL"]
[BlackTeam "HUN"]
[WhiteClock "0:00:04"]
[BlackClock "0:00:04"]

1. d4 Nf6 2. Nf3 g6 3. Nc3 d5 4. Bf4 Bg7 5. Nb5 Na6 6. e3 O-O 7. h3 Bf5 8. Be2 Ne4 9. O-O c6 10. Nc3 Nxc3 11. bxc3 Nc7 12. c4 dxc4 13. Bxc4 Nd5 14. Be5 b5 15. Bd3 Bxd3 16. Qxd3 Rc8 17. Bxg7 Kxg7 18. c4 bxc4 19. Qxc4 Qd6 20. Rfc1 Rc7 21. Qa4 Nb6 22. Qa5 Rfc8 23. Rc5 Nd7 24. Rc3 c5 25. Rac1 e5 26. dxe5 Nxe5 27. Nxe5 Qxe5 28. Rc4 h5 29. Qd2 Qe6 30. Qc3+ Qf6 31. Qa3 Qe7 32. h4 Qe5 33. g3 Qe6 34. e4 Qd6 35. Qc3+ Kh7 36. e5 Qe7 37. Re1 Qe6 38. Rf4 Rc6 39. Qf3 R8c7 40. Rf6 Qd7 41. Rf4 c4 42. Qc3 Qe6 43. Re3 Rc5 44. Rfe4 Kg7 45. Rf3 R7c6 46. Rf6 Qe7 47. Rxc6 Rxc6 48. e6+ f6 49. g4 hxg4 50. Rxg4 Qxe6 51. Rg3 Qd5 52. Qe3 Qd1+ 53. Kh2 Qd6 54. Qe8 c3 55. Qxg6+ Kf8 56. Qg8+ Ke7 57. Qg7+ Kd8 58. Qh8+ Kc7 59. Kg2 Qd5+ 60. Kh3 c2 61. Rg7+ Kb6 62. Qb8+ Ka6 63. Rg4 Qf3+ 64. Rg3 Qh1+ 65. Kg4 Qe4+ 66. Kh3 Qh1+ 67. Kg4 Qe4+ 68. Kh3 Qh1+ 1/2-1/2

[Event "December 19 Late 2023"]
[Site "https://www.chess.com"]
[Date "2023.12.19"]
[Round "6"]
[White "Novak, Ratko"]
[Black "Colas, Joshua"]
[Result "1-0"]
[Board "82"]
[TimeControl "180+1"]
[WhiteFideId "14511827"]
[BlackFideId "2044447"]
[WhiteElo "2036"]
[BlackElo "2347"]
[WhiteTeam "CRO"]
[BlackTeam "USA"]
[WhiteClock "0:02:05"]
[BlackClock "0:02:05"]

1. d4 d5 2. c4 e6 3. cxd5 exd5 4. Nc3 c6 5. f3 Nf6 6. e4 dxe4 7. fxe4 Bb4 8. Qd3 O-O 9. Be2 Re8 10. e5 Nd5 11. Nf3 b6 12. Ng5 g6 13. O-O f6 14. Nxd5 Qxd5 15. exf6 Bf5 16. f7+ Qxf7 17. Nxf7 Bxd3 18. Bxd3 Nd7 19. Bh6 c5 20. Bc4 b5 21. Bxb5 Re7 22. Bg5 Rxf7 23. Bc4 1-0

[Event "December 19 Late 2023"]
[Site "https://www.chess.com"]
[Date "2023.12.19"]
[Round "6"]
[White "Rodriguez Fontecha, Marcos"]
[Black "Xie, Bryan"]
[Result "1-0"]
[Board "83"]
[TimeControl "180+1"]
[WhiteFideId "2256576"]
[BlackFideId "30941296"]
[WhiteElo "2249"]
[BlackElo "2033"]
[WhiteTeam "ESP"]
[BlackTeam "USA"]
[WhiteClock "0:01:01"]
[BlackClock "0:01:37"]

1. d4 Nf6 2. Nf3 e6 3. Bf4 b6 4. e3 Bb7 5. Bd3 Be7 6. O-O O-O 7. h3 c5 8. a4 d6 9. Qe2 Nbd7 10. c4 Qc7 11. Nc3 e5 12. dxe5 dxe5 13. Bh2 Rad8 14. Rfd1 Qb8 15. Bf5 Qa8 16. Rd2 e4 17. Ne1 g6 18. Bg4 Nxg4 19. hxg4 Nf6 20. Rad1 Rxd2 21. Rxd2 Rd8 22. Bc7 Rxd2 23. Qxd2 Nxg4 24. Qd7 Bf6 25. Qxg4 Bxc3 26. bxc3 Qe8 27. Qf4 Qxa4 28. Be5 f5 29. Qg5 Qd7 30. Qf6 1-0

[Event "December 19 Late 2023"]
[Site "https://www.chess.com"]
[Date "2023.12.19"]
[Round "6"]
[White "Mkrtchyan, Mikayel"]
[Black "Nunez V, Gustavo Eduardo"]
[Result "1-0"]
[Board "84"]
[TimeControl "180+1"]
[WhiteFideId "13305743"]
[BlackFideId "4403690"]
[WhiteElo "2033"]
[BlackElo "2167"]
[WhiteTeam "ARM"]
[BlackTeam "COL"]
[WhiteClock "0:00:58"]
[BlackClock "0:00:55"]

1. e4 c5 2. Nf3 Nc6 3. Bb5 g6 4. Bxc6 dxc6 5. d3 Bg7 6. h3 e5 7. Be3 b6 8. a4 a5 9. Nbd2 Qc7 10. O-O h6 11. Nc4 Be6 12. Nfd2 Nf6 13. f4 Nd7 14. Qe2 O-O 15. f5 Bxc4 16. Nxc4 g5 17. c3 Rfe8 18. Rfb1 Bf8 19. h4 f6 20. Qh5 Qd8 21. hxg5 fxg5 22. Qg6+ Bg7 23. Qxc6 Rc8 24. Qd5+ Kh8 25. Nd6 Nf6 26. Nf7+ Kh7 27. Qxd8 Rcxd8 28. Nxd8 Rxd8 29. Rd1 Bf8 30. Kf2 Kg7 31. Kf3 Kf7 32. g4 Be7 33. d4 exd4 34. cxd4 cxd4 35. Bxd4 Nd7 36. e5 Ke8 37. Rac1 Bc5 38. Bxc5 Nxc5 39. Rxd8+ Kxd8 40. Rh1 Nxa4 41. Rxh6 b5 42. f6 Nxb2 43. e6 Nc4 44. Rh8+ Kc7 45. e7 Nd6 46. e8=Q Nxe8 47. Rxe8 a4 48. f7 a3 49. f8=Q a2 50. Qc5+ Kd7 51. Re7+ Kd8 52. Qc7# 1-0

[Event "December 19 Late 2023"]
[Site "https://www.chess.com"]
[Date "2023.12.19"]
[Round "6"]
[White "Carrasco Miranda, Andres"]
[Black "Tifferet, Shakked"]
[Result "0-1"]
[Board "85"]
[TimeControl "180+1"]
[WhiteFideId "3405990"]
[BlackFideId "2811529"]
[WhiteElo "2183"]
[BlackElo "2142"]
[WhiteTeam "CHI"]
[BlackTeam "ISR"]
[WhiteClock "0:00:49"]
[BlackClock "0:02:12"]

1. d4 d5 2. c4 c6 3. Nf3 Nf6 4. e3 a6 5. Bd3 g6 6. cxd5 cxd5 7. Nc3 Bg7 8. O-O O-O 9. Bd2 Nc6 10. Rc1 Bg4 11. h3 Bxf3 12. Qxf3 e5 13. dxe5 Nxe5 14. Qe2 Nxd3 15. Qxd3 Qb6 16. Na4 Qb5 17. Qb3 Ne4 18. Bb4 Rfc8 19. f3 Ng3 20. Rfd1 Ne2+ 0-1

[Event "December 19 Late 2023"]
[Site "https://www.chess.com"]
[Date "2023.12.19"]
[Round "6"]
[White "Skibbe, Willi"]
[Black "Hasanagic, Anel"]
[Result "0-1"]
[Board "86"]
[TimeControl "180+1"]
[WhiteFideId "4682190"]
[BlackFideId "14605791"]
[WhiteElo "2380"]
[BlackElo "2209"]
[WhiteTeam "GER"]
[BlackTeam "SLO"]
[WhiteClock "0:00:07"]
[BlackClock "0:00:11"]

1. e4 c6 2. Nc3 d5 3. Nf3 Bg4 4. h3 Bxf3 5. Qxf3 Nf6 6. e5 Nfd7 7. d4 e6 8. Ne2 c5 9. c3 Nc6 10. Qd3 Qb6 11. f4 cxd4 12. Nxd4 Nxd4 13. Qxd4 Bc5 14. Qd2 f6 15. exf6 gxf6 16. Bd3 Rg8 17. Bxh7 Rg7 18. Bd3 O-O-O 19. b4 Bd6 20. Qe3 Qc7 21. Bd2 e5 22. g4 exf4 23. Qxa7 Re8+ 24. Kd1 Ne5 25. Bf5+ Kd8 26. Qa5 Qxa5 27. bxa5 Nc4 28. Kc2 Nxa5 29. Raf1 Nc4 30. Bxf4 Re2+ 31. Kb1 Ba3 32. Rd1 Rb2+ 33. Ka1 Rf2 34. Rxd5+ Ke8 35. Re1+ Re7 36. Rxe7+ Kxe7 37. Rd7+ Ke8 38. Kb1 Rb2+ 39. Ka1 Rf2 40. Kb1 Rxf4 41. Kc2 Rf2+ 42. Kb3 b5 43. Rb7 Rb2# 0-1

[Event "December 19 Late 2023"]
[Site "https://www.chess.com"]
[Date "2023.12.19"]
[Round "6"]
[White "Sokolov, Andrei"]
[Black "Kotlyar, Kirill"]
[Result "0-1"]
[Board "87"]
[TimeControl "180+1"]
[WhiteFideId "11600306"]
[BlackFideId "24145599"]
[WhiteElo "2473"]
[BlackElo "2397"]
[WhiteTeam "LAT"]
[BlackTeam "RUS"]
[WhiteClock "0:00:00"]
[BlackClock "0:01:12"]

1. d4 Nf6 2. c4 g6 3. Nc3 d5 4. cxd5 Nxd5 5. Nf3 Bg7 6. e3 O-O 7. Bd3 c5 8. Nxd5 Qxd5 9. dxc5 Qxc5 10. O-O Nc6 11. Qe2 Bg4 12. h3 Bxf3 13. Qxf3 Ne5 14. Qe2 Nxd3 15. Qxd3 Rfd8 16. Qb3 b6 17. e4 Rac8 18. Qa4 b5 19. Qa5 Qd4 20. Qxb5 Qxe4 21. Qa5 Rd7 22. Be3 Bxb2 23. Rab1 Bg7 24. Bxa7 Bc3 25. Qb6 Bd4 26. Qa6 Rc6 27. Rb8+ Kg7 28. Bxd4+ Rxd4 29. Qa8 h5 30. Rg8+ Kf6 31. Rb8 Rdc4 32. Qa5 Rc1 33. Qd8 Rxf1+ 34. Kh2 Rc5 0-1